AoeStats
← wonga_2

Arabia

511806387Analyzed
1v1 RM · 1mo ago on Oct 6, 2026· 36m 17s· 2 players
Game mode
Random Map
Map size
Tiny (2 player)
Population
200
Speed
Normal
Resources
Standard
Victory
Conquest
Starting age
Dark Age
Ending age
Imperial Age
RankedLock teamsTeams togetherTeam positionsShared explorationLock speedFull tech treeHidden civsTurbo modeCheats
Victory
Defeat
🇦🇺 Poles · Australia
615
+18
vs
🇩🇪 Franks · Germany
651
-36
wonga_2
10:43 Feudal Age
11:01 Loom
12:24 Double-Bit Axe
14:26 Wheelbarrow
14:08 Town Watch
15:08 Gold Mining
16:36 Man-at-Arms
17:02 Arson
19:40 Scale Barding Armor
28:31 Castle Age
28:52 Stone Mining
29:52 Gold Shaft Mining
29:49 Bow Saw
30:40 Light Cavalry
33:22 Husbandry
rickyhodson79
8:28 Loom
10:46 Feudal Age
14:30 Double-Bit Axe
16:30 Forging
18:59 Horse Collar
19:12 Stone Mining
22:23 Wheelbarrow
21:48 Town Watch
22:00 Gold Mining
25:24 Castle Age
25:35 Pikeman
26:39 Bow Saw
29:41 Iron Casting
29:45 Heavy Plow
30:58 Light Cavalry
32:20 Scale Mail Armor
33:14 Scale Barding Armor
33:00 Arson
34:11 Chain Mail Armor
35:17 Stone Shaft Mining
35:25 Chain Barding Armor
Connection lost

Rejoining the realm…

Still unreachable

The connection could not be restored.

Session expired

The server has moved on; the page needs a fresh start.